 Dungeon Crawl Stone Soup version 0.30-a0-986-g7f2e898f52 (webtiles) character file.

Game seed: 8674542582272800599

219 DeathPants the Chopper (level 5, 0/26 (28) HPs)
             Began as a Vine Stalker Reaver on Apr 1, 2023.
             Shot with an arrow by a centaur (7 damage)
             ... on level 4 of the Dungeon.
             The game lasted 00:08:34 (2168 turns).

DeathPants the Chopper (Vine Stalker Reaver)        Turns: 2168, Time: 00:08:35

HP:   0/26 (28)     AC:  4    Str: 16    XL:     5   Next: 96%
MP:   0/11          EV: 11    Int: 13    God:
Gold: 90            SH:  0    Dex: 13    Spells: 6/10 levels left

rFire   . . .      SeeInvis .    b - +3 sling (flame)
rCold   . . .      Faith    .    (no shield)
rNeg    . . .      Spirit   +    f - +1 leather armour
rPois   .          Reflect  .    (no helmet)
rElec   .          Rampage  .    (no cloak)
rCorr   .                        (no gloves)
Will    .....                    (no boots)
Stlth   +                        (no amulet)
HPRegen 1.04/turn                (no ring)
MPRegen 0.12/turn                (no ring)

@: weak-willed, drained
A: fangs 2, regeneration 1, magic shield, antimagic bite, no potion heal 2
a: no special abilities


You were on level 4 of the Dungeon.
You visited 1 branch of the dungeon, and saw 4 of its levels.

You collected 118 gold pieces.
You spent 28 gold pieces at shops.

Inventory:

Hand Weapons
 a - a +0 hand axe
 b - a +3 sling of flaming (weapon)
Missiles
 d - 3 atropa-tipped darts
 i - a throwing net
Armour
 f - a +1 leather armour (worn)
Scrolls
 c - 2 scrolls of magic mapping
 j - a scroll of vulnerability
 l - 2 scrolls of blinking
Potions
 k - a potion of flight
 n - a potion of lignification


   Skills:
 + Level 3.0 Fighting
 + Level 3.6 Axes
 - Level 1.5 Dodging
 + Level 3.4 Spellcasting
 - Level 3.1 Conjurations
 + Level 2.5 Necromancy


You had 6 spell levels left.
You knew the following spells:

 Your Spells              Type           Power      Damage    Failure   Level
a - Kiss of Death         Conj/Necr      36%        2d8       9%          1
b - Vampiric Draining     Necr           8%         2d6       28%         3

Your spell library contained the following spells:

 Spells                   Type           Power      Damage    Failure   Level
 Momentum Strike          Conj/Tloc      12%        3d8       22%         2
 Slow                     Hex            8%         N/A       26%         1
 Hailstorm                Conj/Ice       6%         3d4       38%         3
 Confusing Touch          Hex            2%         N/A       63%         3


Dungeon Overview and Level Annotations

Branches:
Dungeon (4/15)
 Temple: D:4-7

Altars:

Shops:
D:1 ?   D:3 ?


Innate Abilities, Weirdness & Mutations

You have extremely sharp teeth.
Your natural rate of healing is unusually fast.
When hurt, damage is shared between your health and your magic reserves.
Your bite disrupts and absorbs the magic of your enemies.
Potions cannot restore your health.


Message History

The arrow misses the ball python.
The ball python completely misses you. The ball python barely misses you.
The sleepcap misses something.
The ball python barely misses you. The ball python closely misses you.
The ball python attacks as you move away!
The ball python bites you but does no damage.
Your adder misses the ball python.
The centaur shoots an arrow.
The arrow hits you. Something misses your adder.
The ball python bites your giant cockroach but does no damage.
The ball python barely misses your giant cockroach.
The centaur shoots an arrow.
The arrow barely misses you.
Your adder closely misses the ball python.
Your ball python bites the sleepcap but does no damage.
Your ball python grabs the sleepcap.
Your ball python constricts the sleepcap.
Your giant cockroach closely misses the ball python.
The ball python bites your giant cockroach.
The ball python barely misses your giant cockroach.
The centaur shoots an arrow.
The arrow hits you. The sleepcap barely misses your adder.
The ogre closely misses your giant cockroach.
Your adder bites the ball python.
The ball python dies!
Your ball python bites the sleepcap but does no damage.
Your ball python constricts the sleepcap.
Your giant cockroach bites the ogre.
Your adder bites the sleepcap but does no damage.
The sleepcap misses your adder.
Your giant cockroach bites the ogre but does no damage.
The ogre closely misses your giant cockroach.
Your giant cockroach bites the ogre.
Your adder barely misses the ogre.
The ogre barely misses your giant cockroach.
Your ball python barely misses the ogre.
Your giant cockroach bites the ogre.
Your adder bites the ogre.
The centaur shoots an arrow.
The arrow hits you!
* * * LOW HITPOINT WARNING * * *
Your adder bites the ogre.
Your giant cockroach barely misses the ogre.
The centaur shoots an arrow.
The arrow hits you!
You die...

#######. ... #########.......
#.h. #.).....#...c.h .... #
###.......#.....# ...
..######.........# ....# ..#
#............##### #..##..##..
......#....#..#######ch......?.
######..#####...@.....BO.......
.#####.## #########f#SS......
.......#### #..f.#.....
.#........# ...S....###
....#####..... ##.#...#..#
..#...#####... .......#..#
.####.......## ......... .# .
##.####### .........## ###..##


You could see an ogre (ally target), a sleepcap, a centaur, a jackal, a friendly
adder (summoned) and a friendly giant cockroach (summoned).

Vanquished Creatures
  A phantom (D:3)
  5 adders
  3 gnolls (D:3)
  A worm (D:2)
  A dart slug (D:1)
  4 endoplasms
  2 giant cockroaches (D:1)
  9 hobgoblins
  4 jackals (D:2)
  3 kobolds
  5 ball pythons
  5 bats (D:1)
  A frilled lizard (D:3)
  12 goblins
  5 rats
61 creatures vanquished.

Vanquished Creatures (collateral kills)
  A ball python (D:4)
1 creature vanquished.

Grand Total: 62 creatures vanquished

Notes
Turn   | Place    | Note
-------+----------+-------------------------------------------
     0 | D:1      | DeathPants the Vine Stalker Reaver began the quest for the
                  | Orb.
     0 | D:1      | Reached XP level 1. HP: 11/11 MP: 4/4
   169 | D:1      | Reached XP level 2. HP: 11/15 MP: 4/6
   316 | D:1      | Found Wilawo's Magic Scroll Boutique.
   489 | D:1      | Reached skill level 1 in Necromancy
   515 | D:1      | Reached XP level 3. HP: 18/18 MP: 7/7
  1061 | D:3      | Found Danoipt's Magic Scroll Shop.
  1065 | D:3      | Bought a scroll of identify for 28 gold pieces
  1074 | D:3      | Gained mutation: Your natural rate of healing is unusually
                  | fast. [Vine Stalker growth]
  1074 | D:3      | Reached XP level 4. HP: 23/23 MP: 9/9
  1528 | D:3      | Learned a level 3 spell: Vampiric Draining
  1589 | D:3      | Noticed a phantom
  1624 | D:3      | Killed a phantom
  1625 | D:3      | Reached XP level 5. HP: 5/28 MP: 1/10
  2159 | D:4      | Noticed a centaur
  2160 | D:4      | Noticed an ogre
  2168 | D:4      | Shot with an arrow by a centaur

Illustrated notes

Levels and vault maps discovered:
D:1:      dpeg_arrival_morbid_curiosity, layout_basic, serial_shops,
          nicolae_shop_advertising_works [nicolae_subvault_shop_adworks]
D:2:      layout_rooms, hex_medium, chequers_serial_rivers_marsh
D:3:      layout_loops_cross, serial_shops, nicolae_shop_hallway_stairs,
          glass_columns_c
D:4:      layout_rooms, serial_shops, nicolae_square_shop

Skill      XL: |  1  2  3  4  5 |
---------------+----------------+-----
Fighting       | 2 3 |  3.0
Necromancy     | 1 2 |  2.5
Axes           | 3 |  3.6
Spellcasting   | 3 |  3.4
Dodging        | |  1.5
Conjurations   | |  3.1

Action                     |  1- 3 |  4- 6 || total
---------------------------+-------+-------++-------
  Melee: Hand axe          |    37 |     6 ||    43
         Bite              |     8 |     2 ||    10
   Fire: Sling             |    60 |    80 ||   140
   Cast: Kiss of Death     |     1 |     1 ||     2
    Use: Scroll            |       |    10 ||    10
 Armour: Leather armour    |    28 |    17 ||    45
  Dodge: Dodged            |    40 |    40 ||    80

Table legend: (Time is in decaauts)
 A = Elapsed time spent in this place.
 B = Non-inter-level travel time spent in this place.
 C = Inter-level travel time spent in this place.
 D = Time resting spent in this place.
 E = Time spent auto-exploring this place.
 F = Levels seen in this place.
 G = Mean time per level.
                   A        B        C        D        E       F      G
               +--------+--------+--------+--------+--------+-----+--------+
         Total |   2235 |   2179 |     56 |      0 |   1569 |   4 |  558.8 |
       Dungeon |   2235 |   2179 |     56 |      0 |   1569 |   4 |  558.8 |
               +--------+--------+--------+--------+--------+-----+--------+

Top non-repeatable levels by time:
     D:1: 906 daAuts
     D:3: 780 daAuts
     D:2: 482 daAuts
     D:4: 66 daAuts
